 Dungeon Crawl Stone Soup version 0.30-a0-852-g08b95dd62f (webtiles) character file.

Game seed: 12295060782176546960

2 ragingrage the Sneak (level 1, 0/18 HPs)
             Began as a Demonspawn Delver on Mar 4, 2023.
             Succumbed to an adder's poison
             ... on level 5 of the Dungeon.
             The game lasted 00:00:36 (217 turns).

ragingrage the Sneak (Demonspawn Delver)             Turns: 217, Time: 00:00:36

Health: 0/18       AC:  3    Str: 12    XL:     1   Next: 25%
Magic:  1/1        EV: 11    Int: 11    God:
Gold:   24         SH:  0    Dex: 14    Spells: 0/0 levels left

rFire   . . .      SeeInvis .    a - +0 falchion
rCold   . . .      Faith    .    (no shield)
rNeg    . . .      Spirit   .    b - +0 leather armour
rPois   .          Reflect  .    (no helmet)
rElec   .          Rampage  .    (no cloak)
rCorr   .                        (no gloves)
Will    .....                    (no boots)
Stlth   ++                       (no amulet)
HPRegen 0.23/turn                (no ring)
MPRegen 0.07/turn                (no ring)

@: lethally poisoned (0 -> -6), flying
A: no striking features
a: no special abilities


You were on level 5 of the Dungeon.
You visited 1 branch of the dungeon, and saw 3 of its levels.

You collected 24 gold pieces.

Inventory:

Hand Weapons
 a - a +0 falchion (weapon)
Armour
 b - a +0 leather armour (worn)
Wands
 g - a wand of digging (9)
Scrolls
 c - a scroll of fog
 d - a scroll of magic mapping
 e - a scroll of fear
 h - a scroll of amnesia {unknown}
 j - a scroll of identify {unknown}
Potions
 f - a potion of haste
 i - a potion of flight


   Skills:
 - Level 3.0 Fighting
 + Level 2.0 Long Blades
 - Level 1.7 Dodging
 - Level 4.5 Stealth


You couldn't memorise any spells.
You didn't know any spells.
Your spell library was empty.

Dungeon Overview and Level Annotations

Branches:
Dungeon (6/15)
 Temple: D:4-7

Altars:

Annotations:
D:5 exclusion: iguana


Message History

Level annotation: exclusion: iguana
There is a stone staircase leading down, spattered with blood here.
Things that are here:
a +0 leather armour; a +0 dagger; an orc corpse An adder comes into view.
The adder hisses angrily.
The adder closely misses you.
You slash the adder! The adder barely misses you.
You barely miss the adder. The adder bites you. The adder barely misses you.
You miss the adder. The adder closely misses you. The adder barely misses you.
You completely miss the adder. The adder bites you but does no damage.
You hit the adder. The adder bites you. The adder closely misses you.
You closely miss the adder. The adder bites you but does no damage.
You closely miss the adder. The adder bites you but does no damage.
The adder barely misses you.
You barely miss the adder. The adder bites you.
You barely miss the adder. The adder bites you.
You are poisoned.
The adder poisons you! The adder misses you.
You barely miss the adder.
You feel sick. The adder misses you. The adder bites you.
You completely miss the adder.
You feel sick. The adder bites you.
You are lethally poisoned!
The adder poisons you!
Unknown command.
It was a potion of flight.
You feel very buoyant.
You fly up into the air.
* * * LOW HITPOINT WARNING * * *
You feel very sick. The adder barely misses you.
Unknown command.
Okay, then.
Okay, then.
Unknown command.
You hit the adder but do no damage.
* * * LOW HITPOINT WARNING * * *
You feel sick. The adder bites you but does no damage. The adder misses you.
You barely miss the adder.
You die...

##...#### ....... ......
..... #...# #...# #S..#
#######@..# #. #.......(.#
#. #.#####...# #. #># #...#
## .## # #<# ##### #. ... .
#.######### #. #.# #
#######.##.......###.#####.#
#.....|.................##.#
#.#####.##.#..# #.......#


You could see an adder.

Vanquished Creatures
  An orc (D:5)
1 creature vanquished.

Notes
Turn   | Place    | Note
-------+----------+-------------------------------------------
     0 | D:5      | ragingrage the Demonspawn Delver began the quest for the
                  | Orb.
     0 | D:5      | Reached XP level 1. HP: 18/18 MP: 1/1
    51 | D:5      | Noticed an iguana
   150 | D:4      | Noticed an orc wizard
   217 | D:5      | Succumbed to an adder's poison

Illustrated notes

Levels and vault maps discovered:
D:4:      layout_cave_pools, serial_shops, nicolae_shop_statue_plus,
          grunt_ministairs_1, serial_bayou_pond_e, uniq_eustachio
D:5:      layout_loops_cross
D:6:      layout_gridville, kennysheep_okawaru_gauntlet,
          minmay_temple_entry_waves

Skill      XL: |  1 |
---------------+----+-----
Long Blades    | 2 |  2.0
Fighting       | |  3.0
Dodging        | |  1.7
Stealth        | |  4.5

Action                     || total
---------------------------++-------
  Melee: Falchion          ||    23
         Punch             ||     1
    Use: Potion            ||     1
 Armour: Leather armour    ||     9
  Dodge: Dodged            ||    14

Table legend: (Time is in decaauts)
 A = Elapsed time spent in this place.
 B = Non-inter-level travel time spent in this place.
 C = Inter-level travel time spent in this place.
 D = Time resting spent in this place.
 E = Time spent auto-exploring this place.
 F = Levels seen in this place.
 G = Mean time per level.
                   A        B        C        D        E       F      G
               +--------+--------+--------+--------+--------+-----+--------+
         Total |    222 |    207 |     15 |     23 |     92 |   3 |   74.0 |
       Dungeon |    222 |    207 |     15 |     23 |     92 |   3 |   74.0 |
               +--------+--------+--------+--------+--------+-----+--------+

Top non-repeatable levels by time:
     D:5: 201 daAuts
     D:6: 19 daAuts
     D:4: 1 daAuts
